 Dungeon Crawl Stone Soup version 0.20-a0-947-g2784f4f (webtiles) character file.

193 zhorgal the Digger (level 5, -4/28 HPs)
             Began as a Gargoyle Earth Elementalist on Apr 3, 2017.
             Was an Initiate of Vehumet.
             Slain by a worm (9 damage)
             ... on level 3 of the Dungeon.
             The game lasted 00:10:34 (2528 turns).

zhorgal the Digger (Gargoyle Earth Elementalist)    Turns: 2528, Time: 00:10:35

Health: -4/28      AC:  7    Str: 12    XL:     5   Next: 72%
Magic:  10/10      EV: 12    Int: 16    God:    Vehumet [......]
Gold:   95         SH:  0    Dex: 10    Spells: 4/10 levels left

rFire    x . .     SeeInvis .   g - +0 mace
rCold    + . .     Gourm    .   (no shield)
rNeg     + . .     Faith    .   c - +0 robe
rPois    ∞         Spirit   .   h - +0 helmet
rElec    +         Reflect  .   (no cloak)
rCorr    .         Harm     .   (no gloves)
MR       .....                  (no boots)
Stlth    ++........             j - amulet of regeneration
Regen    0.5/turn               l - ring of flight
MPRegen  0.2/turn               m - ring of ice

@: no status effects
A: negative energy resistance 1, electricity resistance, unbreathing,
petrification resistance, rot immunity, AC +4
a: Renounce Religion, Evoke Flight


You were on level 3 of the Dungeon.
You worshipped Vehumet.
Vehumet was noncommittal.
You were not hungry.

You visited 1 branch of the dungeon, and saw 3 of its levels.

You collected 95 gold pieces.

Inventory:

Hand Weapons
 f - a +0 dagger
 g - a +0 mace (weapon)
 n - a +0 dagger of protection
Missiles
 b - 115 stones (quivered)
Armour
 c - a +0 robe (worn)
 h - a +0 helmet (worn)
 t - a +0 leather armour
Jewellery
 j - an amulet of regeneration (around neck)
 l - a ring of flight (left hand)
 m - a ring of ice (right hand)
Wands
 r - a wand of random effects (24/48)
 y - a wand of confusion (27/48)
Scrolls
 a - 2 scrolls of identify
 k - a scroll of remove curse
 v - 2 scrolls of fog
 x - a scroll of magic mapping {unknown}
Potions
 o - a potion of heal wounds
 p - a potion of invisibility {unknown}
 q - a potion of ambrosia {unknown}
 u - a potion of agility {unknown}
 w - a potion of mutation {unknown}
Books
 e - a book of Geomancy

   Spells                             Type                      Level
   a - Sandblast                      Earth                        1
   b - Passwall                       Transmutation/Earth          2
   c - Stone Arrow                    Conjuration/Earth            3
   d - Petrify                        Transmutation/Earth          4
   e - Lee's Rapid Deconstruction     Earth                        5
 s - a book of Cantrips

   Spells                             Type                      Level
   a - Confusing Touch                Hexes                        1
   b - Animate Skeleton               Necromancy                   1
   c - Summon Small Mammal            Summoning                    1
   d - Apportation                    Translocation                1
Comestibles
 d - 3 bread rations
 i - 2 meat rations


   Skills:
 - Level 1.5 Dodging
 - Level 2.1 Stealth
 + Level 3.3 Spellcasting
 - Level 0.7 Transmutations
 * Level 6.4 Earth Magic


You had 4 spell levels left.
You knew the following spells:

 Your Spells              Type           Power        Failure   Level  Hunger
a - Sandblast             Erth           ###...       1%          1    None
b - Passwall              Tmut/Erth      ##........   10%         2    ##.....
c - Stone Arrow           Conj/Erth      ##....       14%         3    ###....


Dungeon Overview and Level Annotations

Branches:
Dungeon (3/15)

Altars:
Hepliaklqana
Okawaru
Trog
Vehumet
Xom

Annotations:
D:2 Sigmund


Innate Abilities, Weirdness & Mutations

You are resistant to torment.
Your stone body is resilient. (AC +4)
You are immune to poison.
You resist negative energy. (rN+)
You are resistant to electric shocks. (rElec)
You can survive without breathing.
You are immune to petrification.
You are immune to rotting.


Message History

You hit the worm.
The worm is moderately wounded.
You barely miss the worm.
The worm is moderately wounded.
The worm bites you!
You hit the worm but do no damage.
The worm is moderately wounded.
The worm bites you!
You are too injured to fight recklessly!
You hit the worm.
The worm is moderately wounded.
The worm bites you!
* * * LOW HITPOINT WARNING * * *
You hit the worm but do no damage.
The worm is moderately wounded.
The worm bites you but does no damage.
You sock the worm!
The worm is severely wounded.
The worm bites you!
You die...

#.#######.###### #.#
#.# #.#######.###
#>..........#
#.#######.#.## #.####
#.#..# #....# #.##.#
.###########.####.##.##
......w@.# #...##.##..#
########.# ###[##.###.#
#.# #.##.# #.# #.#
#.##.# #.## #.#
#)##.###..# #.#
#.##.......
#.#####.#######..
#.#..............
#.#.###.########.


You could see a worm.

Vanquished Creatures
  Ijyb (D:3)
  Natasha (thrice) (D:2)
  4 adders
  A worm (D:3)
  3 dart slugs (D:1)
  A leopard gecko (D:3)
  A giant cockroach (D:3)
  5 goblins
  10 hobgoblins
  2 jackals (D:3)
  A ball python (D:1)
  3 bats
  6 frilled lizards
  8 kobolds
  6 rats
55 creatures vanquished.

Notes
Turn   | Place    | Note
-------+----------+-------------------------------------------
     0 | D:1      | zhorgal the Gargoyle Earth Elementalist began the quest for the Orb.
     0 | D:1      | Reached XP level 1. HP: 10/10 MP: 3/3
   480 | D:1      | Reached XP level 2. HP: 14/15 MP: 1/5
   494 | D:1      | Learned a level 2 spell: Passwall
   548 | D:1      | Reached skill level 4 in Earth Magic
   591 | D:1      | Found a shimmering altar of Xom.
   970 | D:1      | Reached XP level 3. HP: 19/19 MP: 6/6
  1023 | D:1      | Learned a level 3 spell: Stone Arrow
  1070 | D:2      | Noticed Natasha
  1170 | D:2      | Killed Natasha
  1170 | D:2      | Reached skill level 5 in Earth Magic
  1170 | D:2      | Reached XP level 4. HP: 23/24 MP: 3/8
  1271 | D:2      | Noticed Natasha
  1279 | D:2      | Killed Natasha
  1361 | D:2      | Noticed Natasha
  1364 | D:2      | Killed Natasha
  1364 | D:2      | Reached XP level 5. HP: 28/28 MP: 6/9
  1391 | D:2      | Found an iron altar of Okawaru.
  1393 | D:2      | Found a bloodstained altar of Trog.
  1635 | D:2      | Found a radiant altar of Vehumet.
  1639 | D:2      | Became a worshipper of Vehumet
  1648 | D:2      | Found a hazy altar of Hepliaklqana.
  1715 | D:2      | Found a faded altar of an unknown god.
  1723 | D:2      | Noticed Sigmund
  1894 | D:3      | Reached skill level 6 in Earth Magic
  2396 | D:3      | Noticed Ijyb
  2419 | D:3      | Killed Ijyb
  2528 | D:3      | Slain by a worm

Vault maps used:
D:1:      tarquinn_simple_flora_water_f, xom_teletrap_fun
D:2:      minitemple, amethyst_overflow_temple_binary,
          chequers_ecumenical_altar_twisty, uniq_natasha, uniq_sigmund
D:3:      uniq_iyjb

Skill      XL: |  1  2  3  4  5 |
---------------+----------------+-----
Earth Magic    | 4 5 6 |  6.4
Spellcasting   | 3 |  3.3
Dodging        | |  1.5
Stealth        | |  2.1
Transmutations | |  0.7

Action                   |  1- 3 |  4- 6 || total
-------------------------+-------+-------++-------
Melee: Mace              |    67 |   153 ||   220
       Unarmed           |    11 |       ||    11
       Dagger            |     1 |       ||     1
 Cast: Sandblast         |     8 |    14 ||    22
       Stone Arrow       |       |     1 ||     1
  Use: Scroll            |       |     2 ||     2
 Stab: Sleeping          |     6 |     5 ||    11
  Eat: Chunk             |     1 |     5 ||     6
Armor: Robe              |    41 |    63 ||   104
Dodge: Dodged            |    70 |   105 ||   175
